 Dungeon Crawl Stone Soup version 0.24.0-13-gcf9b319 (webtiles) character file.

Game seed: 17947531264287005622, levelgen mode: deterministic

179 Bronimir the Digger (level 5, 0/42 HPs)
             Began as a Deep Dwarf Earth Elementalist on Mar 18, 2020.
             Slain by Edmund
             ... wielding a +2 dire flail of venom
              (10 damage)
             ... on level 4 of the Dungeon.
             The game lasted 00:05:51 (2715 turns).

Bronimir the Digger (Deep Dwarf Earth Elementalist) Turns: 2715, Time: 00:05:52

Health: 0/42       AC:  6    Str: 12    XL:     5   Next: 32%
Magic:  5/8        EV: 12    Int: 16    God:
Gold:   208        SH:  0    Dex: 13    Spells: 2/8 levels left

rFire    . . .     SeeInvis .   a - +3 hand axe
rCold    + . .     Gourm    .   (no shield)
rNeg     . . .     Faith    .   F - +1 leather armour {rC+}
rPois    +         Spirit   .   u - +0 helmet
rElec    .         Reflect  .   (no cloak)
rCorr    .         Harm     .   (no gloves)
MR       .....                  n - +0 pair of boots
Stlth    ++........             (no amulet)
HPRegen  0.00/turn              h - ring of poison resistance
MPRegen  0.11/turn              (no ring)

@: lethally poisoned (0 -> 0), non-regenerating
A: damage resistance, heal wounds, sense surroundings 1, no regeneration
a: Heal Wounds


You were on level 4 of the Dungeon.
You were not hungry.

You visited 1 branch of the dungeon, and saw 4 of its levels.

You collected 208 gold pieces.

Inventory:

Hand Weapons
 a - a +3 hand axe (weapon)
 g - a +0 club
Missiles
 b - 96 stones
 f - 18 poisoned darts (quivered)
 i - 9 sling bullets
 q - 41 arrows
 t - 28 bolts
Armour
 n - a +0 pair of boots (worn)
 u - a +0 helmet (worn)
 E - a +0 ring mail
 F - a +1 leather armour of cold resistance (worn)
Jewellery
 h - a ring of poison resistance (left hand)
Wands
 B - a wand of digging (5)
 C - a wand of random effects (11)
Scrolls
 e - 2 scrolls of magic mapping
 k - a scroll of fear {unknown}
 l - 9 scrolls of identify
 m - a scroll of noise {unknown}
 o - a scroll of fog {unknown}
 w - a scroll of blinking {unknown}
 y - a scroll of teleportation {unknown}
Potions
 j - 3 potions of curing {unknown}
 p - a potion of haste
 r - 2 potions of heal wounds {unknown}
 x - 2 potions of might
 z - a potion of brilliance {unknown}
 A - a potion of degeneration {unknown}
Comestibles
 d - 7 rations
 D - a chunk of flesh


   Skills:
 + Level 0.1 Fighting
 + Level 0.2 Axes
 * Level 2.2 Armour
 + Level 2.2 Dodging
 - Level 2.4 Stealth
 + Level 2.4 Spellcasting
 + Level 0.8 Transmutations
 * Level 6.7 Earth Magic


You had 2 spell levels left.
You knew the following spells:

 Your Spells              Type           Power        Failure   Level  Hunger
a - Sandblast             Erth           ###...       1%          1    #......
b - Passwall              Tmut/Erth      ##......     8%          2    ###....
c - Stone Arrow           Conj/Erth      ##....       19%         3    ###....

Your spell library contained the following spells:

 Spells                   Type           Power        Failure   Level  Hunger
 Lee's Rapid Deconstruct  Erth           ###.......   41%         5    ######.
 Petrify                  Tmut/Erth      ##......     45%         4    #####..


Dungeon Overview and Level Annotations

Branches:
Dungeon (4/15)
 Temple: D:4-7

Altars:
Vehumet

Shops:
D:4 *

Annotations:
D:4 Edmund


Innate Abilities, Weirdness & Mutations

You are resistant to damage.
You can heal yourself by infusing magical energy.
You passively map a small area around you.
You do not regenerate.


Message History

Edmund barely misses you.
Casting: Sandblast (safe; 1% risk of failure)
Confirm with . or Enter, or press ? or * to list all spells.
Aiming: Sandblast (safe; 1% risk of failure)
Press: ? - help, Shift-Dir - straight line, f/p - Edmund
Aim: Edmund, wielding a +2 dire flail of venom and wearing a +0 chain mail (lightly wounded)
The blast of sand hits Edmund.
Edmund is lightly wounded.
b - 97 stones Edmund barely misses you.
Casting: Sandblast (safe; 1% risk of failure)
Confirm with . or Enter, or press ? or * to list all spells.
Aiming: Sandblast (safe; 1% risk of failure)
Press: ? - help, Shift-Dir - straight line, f/p - Edmund
Aim: Edmund, wielding a +2 dire flail of venom and wearing a +0 chain mail (lightly wounded)
The blast of sand hits Edmund but does no damage.
Edmund is lightly wounded.
b - 96 stones Edmund hits you with a +2 dire flail of venom!
You die...

...## * ....... *
#.......# *
#.......#
########.......#
#..............# ,
#.............. ##
#....@@..(..# ##..
#...........#.#...
########'####.....
#............. *,
#......[...... ,
#######.........#.,
#...............#*
#.......##'#.....# ,
#.......##.#.......#


You could see Edmund.

Vanquished Creatures
  Blork the orc (D:4)
  Jessica (D:2)
  A worker ant (D:4)
  An adder (D:3)
  An ooze (D:2)
  2 worms (D:2)
  A dart slug (D:3)
  5 orcs (D:4)
  2 giant cockroaches
  6 goblins
  2 hobgoblins (D:3)
  3 jackals (D:3)
  5 kobolds
  A quokka (D:3)
  A ball python (D:3)
  3 bats
  2 frilled lizards (D:3)
  7 rats
45 creatures vanquished.

Notes
Turn   | Place    | Note
-------+----------+-------------------------------------------
     0 | D:1      | Bronimir the Deep Dwarf Earth Elementalist began the quest
                  | for the Orb.
     0 | D:1      | Reached XP level 1. HP: 15/15 MP: 3/3
   245 | D:1      | Reached XP level 2. HP: 22/22 MP: 4/4
   632 | D:2      | Noticed Jessica
   638 | D:2      | Killed Jessica
   638 | D:2      | Reached skill level 1 in Armour
   638 | D:2      | Reached skill level 5 in Earth Magic
   638 | D:2      | Reached XP level 3. HP: 28/28 MP: 1/5
  1724 | D:3      | Learned a level 2 spell: Passwall
  1818 | D:3      | Reached XP level 4. HP: 36/36 MP: 1/7
  2037 | D:3      | Found a radiant altar of Vehumet.
  2200 | D:3      | Reached skill level 6 in Earth Magic
  2552 | D:4      | Noticed Blork the orc
  2566 | D:4      | Killed Blork the orc
  2566 | D:4      | Reached XP level 5. HP: 33/42 MP: 0/8
  2608 | D:4      | Found Akkij's Assorted Antiques.
  2622 | D:4      | Learned a level 3 spell: Stone Arrow
  2697 | D:4      | Noticed Edmund
  2715 | D:4      | Slain by Edmund

Levels and vault maps discovered:
D:1:      dpeg_arrival_boxes_within_box, layout_rooms, chequers_avenue
D:2:      layout_basic, uniq_jessica
D:3:      layout_basic, old_standard_altar, minmay_misc_feat_secret_circle
D:4:      kennysheep_spiral_hall, layout_basic, serial_shops,
          nicolae_shop_stone, first_ration, lemuel_altar_in_water, uniq_sigmund,
          uniq_edmund, uniq_blork_the_orc, uniq_duvessa, uniq_robin

Skill      XL: |  1  2  3  4 |
---------------+-------------+-----
Armour         | 1 2 |  2.2
Earth Magic    | 5 6 |  6.7
Spellcasting   | 2 |  2.4
Fighting       | |  0.1
Axes           | |  0.2
Dodging        | |  2.2
Stealth        | |  2.4
Transmutations | |  0.8

Action                   |  1- 3 |  4- 6 || total
-------------------------+-------+-------++-------
Melee: Club              |     3 |       ||     3
       Hand axe          |     6 |    23 ||    29
 Cast: Sandblast         |    44 |    24 ||    68
 Abil: Heal Wounds       |       |     1 ||     1
  Use: Scroll            |     6 |     1 ||     7
 Stab: Sleeping          |     2 |       ||     2
  Eat: Chunk             |     4 |     3 ||     7
Armor: Robe              |     3 |       ||     3
       Leather armour    |     1 |     8 ||     9
Dodge: Dodged            |    15 |    16 ||    31
